Get step-by-step instructions on how to execute this build order below. Start the game timer, and the build order will tick by so you can play in parallel with StarCraft on a second screen or mobile device.

Game Time

  0:00

Last Step

  N/A

Next Step

Upcoming Step



Don't want to look back and forth between 2 screens? Try out our Overwolf App, the Spawning Tool Build Advisor to get an in-game overlay with this build!

Complete Build Order

  12  0:00  Drone  
  13  0:08  Drone  
  14  0:14  Extractor, Drone  
  15  0:21  Overlord  
  15  0:40  Drone x2  
  17  0:50  Hatchery  
  17  0:54  Drone  
  17  0:57  Drone  
  18  1:06  Extractor  
  17  1:13  Spawning Pool  
  17  1:16  Drone  
  17  1:20  Drone  
  18  1:26  Drone  
  19  1:37  Drone  
  20  1:47  Overlord  
  20  1:59  Drone  
  21  2:01  Queen x2  
  21  2:04  Zergling x2  
  26  2:09  Zergling x2  
  26  2:14  Drone  
  28  2:20  Drone  
  29  2:24  Drone  
  30  2:32  Drone  
  30  2:35  Drone  
  32  2:39  Queen  
  32  2:42  Drone  
  35  2:48  Overlord  
  35  2:56  Hatchery  
  34  3:00  Drone  
  34  3:01  Drone  
  36  3:12  Drone x3  
  39  3:13  Drone x2  
  39  3:17  Metabolic Boost  
  41  3:22  Overlord  
  41  3:25  Drone  
  42  3:29  Drone  
  43  3:44  Drone  
  43  3:46  Zergling x6  
  46  3:57  Spine Crawler  
  46  3:58  Overlord  
  46  4:00  Roach Warren  
  46  4:01  Zergling x12  
  50  4:15  Queen  
  50  4:16  Queen  
  54  4:17  Queen  
  54  4:21  Zergling x4  
  54  4:22  Zergling x2  
  59  4:25  Drone  
  59  4:26  Drone  
  59  4:28  Drone  
  59  4:29  Drone  
  59  4:31  Drone  
  64  4:34  Overlord  
  64  4:38  Drone  
  65  4:40  Overlord  
  65  4:56  Lair  
  65  5:00  Extractor x2  
  65  5:03  Roach x6  
  65  5:04  Roach  
  78  5:14  Drone x4  
  78  5:18  Overlord x2  
  81  5:33  Overlord x2  
  81  5:37  Overlord, Drone  
  81  5:38  Drone x7  
  89  5:54  Pneumatized Carapace  
  89  5:58  Evolution Chamber  
  89  6:01  Evolution Chamber  
  87  6:09  Spire  
  87  6:11  Drone x14  
  87  6:16  Drone  
  87  6:17  Drone x2  
  103  6:26  Overlord  
  103  6:29  Hatchery  
  102  6:34  Extractor  
  102  6:36  Extractor, Roach x3  
  102  6:37  Roach x2  
  102  6:39  Overlord  
  110  6:41  Overlord  
  110  7:00  Overseer  
  110  7:19  Extractor  
  110  7:21  Zerg Flyer Weapons Level 1, Mutalisk  
  110  7:22  Mutalisk x5  
  121  7:27  Zergling x2  
  121  7:28  Zergling x18  
  130  7:37  Glial Reconstitution  
  130  7:40  Zerg Ground Armor Level 1  
  130  7:50  Mutalisk  
  132  8:02  Overlord  
  132  8:04  Drone x2  
  132  8:05  Overlord x2  
  133  8:07  Drone x7  
  133  8:08  Drone x3  
  143  8:17  Overlord  
  143  8:18  Overlord x2  
  143  8:24  Ravager x6  
  149  8:27  Mutalisk  
  152  8:34  Zergling x8  
  152  8:35  Zergling x18  
  141  9:01  Mutalisk x4  
  127  9:09  Mutalisk  
  120  9:12  Zergling x2  
  120  9:13  Zergling x18  
  124  9:24  Extractor  
  124  9:25  Extractor  
  119  9:34  Hatchery x2  
  114  9:39  Mutalisk  
  114  9:40  Mutalisk x2  
  120  9:47  Zergling x2  
  120  9:48  Zergling x14  
  128  9:54  Infestation Pit  
  112  10:01  Zergling x2  
  112  10:02  Zergling x10  
  112  10:06  Mutalisk x2  
  119  10:23  Mutalisk  
  119  10:24  Roach  
  119  10:37  Hydralisk Den  
  114  10:48  Zergling x24  
  122  10:55  Baneling Nest  
  117  11:07  Drone  
  117  11:08  Drone x6  
  119  11:14  Mutalisk x4  
  119  11:15  Mutalisk  
  120  11:19  Zergling x2  
  120  11:20  Zergling x8  
  125  11:29  Overlord x2  
  125  11:32  Hatchery  
  124  11:38  Queen  
  126  11:40  Queen  
  126  11:42  Drone x9  
  135  11:52  Zerg Flyer Weapons Level 2  
  129  11:56  Hive  
  115  12:03  Drone  
  115  12:04  Extractor, Drone x5  
  115  12:05  Extractor  
  115  12:06  Zergling x8  
  113  12:09  Baneling x2  
  113  12:10  Baneling x12  
  113  12:14  Zerg Missile Weapons Level 1, Zerg Ground Armor Level 2  
  113  12:16  Queen  
  115  12:34  Centrifugal Hooks  
  115  12:35  Zergling x22  
  115  12:36  Zergling x2  
  127  12:38  Baneling x13  
  127  12:39  Baneling x3  
  127  12:41  Mutalisk  
  129  12:45  Queen  
  131  12:53  Zergling x12  
  131  12:54  Zergling x8  
  141  13:12  Infestor x3  
  141  13:13  Infestor x2  
  151  13:24  Hydralisk  
  151  13:25  Hydralisk x5  
  134  13:39  Hydralisk  
  134  13:40  Hydralisk x6  
  134  13:44  Roach x4  
  142  13:54  Zergling x2  
  142  13:55  Zergling x24  
  151  14:03  Hydralisk x6  
  163  14:19  Hydralisk x4  
  163  14:20  Hydralisk x6  
  183  14:25  Lurker Den  
  183  14:28  Extractor, Drone  
  183  14:29  Extractor  
  181  14:51  Infestor  
  181  14:52  Infestor x3  
  179  14:59  Zerg Missile Weapons Level 2  
  176  15:02  Zergling x2  
  176  15:03  Zergling x28  
  191  15:14  Grooved Spines  
  191  15:17  Greater Spire  
  191  15:35  Hatchery  
  190  15:43  Hatchery  
  190  15:49  Hydralisk  
  189  15:50  Hydralisk x4  
  192  16:04  Muscular Augments  
  192  16:05  Overseer  
  192  16:06  Overlord, Overseer x4  
  192  16:07  Overlord x5  
  189  16:13  Zergling x18  
  189  16:14  Zergling x6  
  186  16:26  Hydralisk x3  
  186  16:27  Hydralisk x4  
  178  16:57  Hydralisk  
  178  16:58  Hydralisk x9  
  195  17:16  Overseer x2  
  195  17:17  Overlord x4  
  195  17:18  Overlord x2  
  195  17:25  Zergling x8  
  195  17:26  Zergling x2  
  194  17:45  Spire  
  194  17:47  Zerg Flyer Weapons Level 3  
  194  17:50  Lurker  
  194  17:51  Lurker x6  
  194  18:24  Lurker x4  
  194  18:25  Lurker  
  199  18:46  Overseer  
  187  19:02  Overseer  
  186  19:03  Overseer x5  
  180  19:29  Infestor x5  
  175  19:45  Hydralisk  
  175  19:46  Hydralisk  
  175  19:47  Hydralisk x5  
  175  19:50  Corruptor x3  
  175  19:51  Corruptor x2  
  167  20:11  Hydralisk x10  
  167  20:12  Hydralisk x6  
  196  20:25  Adaptive Talons  
  196  20:27  Queen  
  179  20:33  Hydralisk  
  179  20:34  Hydralisk x12  
  199  20:41  Brood Lord x4  
  197  20:55  Zergling x6  
  200  21:11  Brood Lord  
  200  21:22  Seismic Spines  
  200  21:27  Unknown  
  186  21:54  Corruptor x4  
  186  21:55  Overseer x6, Corruptor x3  
  186  21:59  Lurker  
  186  22:00  Lurker x3  
  190  22:29  Zergling x20  
  200  22:38  Extractor  
  200  22:39  Extractor  
  192  23:02  Overseer x6  
  174  23:20  Brood Lord  
  174  23:21  Brood Lord x6  
  174  23:23  Hydralisk  
  174  23:24  Hydralisk x6  
  195  23:51  Hatchery  
  191  24:07  Zergling x8  
  191  24:08  Zergling x10  
  200  24:16  Spine Crawler  
  199  24:17  Spine Crawler  
  199  24:19  Spine Crawler  
  199  24:24  Overseer x7  
  196  24:45  Zergling x2  
  196  24:46  Zergling x8  
  200  25:02  Hatchery  
  183  25:31  Zergling x2  
  183  25:32  Zergling x18  
  183  25:33  Zergling x10  
  195  25:37  Adrenal Glands  
  192  26:06  Lurker x8  
  200  26:12  Overseer  
  172  26:54  Zergling x2  
  172  26:55  Zergling x44  
  195  27:10  Drone  
  195  27:11  Drone x4  
  193  27:39  Overlord x8  
  193  27:40  Overlord x2